 Dungeon Crawl Stone Soup version 0.24-a0-584-g9d6b971ae4 (webtiles) character file.

Game seed: 17811802730637504976, levelgen mode: deterministic

41 Gynju the Poker (level 3, 0/29 HPs)
             Began as a Merfolk Abyssal Knight on Sept 2, 2019.
             Was a Follower of Lugonu.
             Succumbed to an adder's poison
             ... on level 2 of the Dungeon.
             The game lasted 00:03:34 (1087 turns).

Gynju the Poker (Merfolk Abyssal Knight)            Turns: 1087, Time: 00:03:35

Health: 0/29       AC:  3    Str: 18    XL:     3   Next: 52%
Magic:  4/4        EV: 13    Int: 11    God:    Lugonu [*.....]
Gold:   82         SH:  0    Dex: 13    Spells: 2/2 levels left

rFire    . . .     SeeInvis .   a - +1 spear
rCold    . . .     Gourm    .   (no shield)
rNeg     . . .     Faith    .   b - +0 leather armour
rPois    .         Spirit   .   (no helmet)
rElec    .         Reflect  .   (no cloak)
rCorr    .         Harm     .   (no gloves)
MR       .....                  (no boots)
Stlth    +.........             (no amulet)
HPRegen  0.09/turn              (no ring)
MPRegen  0.09/turn              (no ring)

@: mighty, lethally poisoned (0 -> -3), flying
A: change form in water, swift swim, stealthy swim
a: Depart the Abyss, Renounce Religion


You were on level 2 of the Dungeon.
You worshipped Lugonu.
Lugonu was aware of your devotion.
You were not hungry.

You visited 1 branch of the dungeon, and saw 2 of its levels.
You visited the Abyss 1 time.

You collected 82 gold pieces.

Inventory:

Hand Weapons
 a - a +1 spear (weapon)
Armour
 b - a +0 leather armour (worn)
 k - a +0 hat
Jewellery
 f - a cursed ring of attention {unknown}
Scrolls
 d - a scroll of blinking {unknown}
 e - 2 scrolls of remove curse {unknown}
 i - a scroll of enchant armour {unknown}
 j - 2 scrolls of identify {unknown}
 l - a scroll of immolation {unknown}
 m - a scroll of enchant weapon {unknown}
 o - a scroll of magic mapping {unknown}
Potions
 h - a potion of might
Comestibles
 c - 4 rations
 g - 4 chunks of flesh


   Skills:
 + Level 3.6 Fighting
 * Level 4.0 Polearms
 + Level 1.0 Armour
 + Level 3.1 Dodging
 + Level 2.5 Invocations


You had 2 spell levels left.
You didn't know any spells.
Your spell library was empty.

Dungeon Overview and Level Annotations

Branches:
Dungeon (2/15)

Altars:
Cheibriados
Makhleb
Nemelex Xobeh
Ru
Xom


Message History

Okay, then.
There is a lethal amount of poison in your body!
There is a lethal amount of poison in your body!
There is a lethal amount of poison in your body!
* * * LOW HITPOINT WARNING * * *
You feel sick.
* * * LOW HITPOINT WARNING * * *
You feel sick.
* * * LOW HITPOINT WARNING * * *
You feel sick.
Some of the chunks of flesh in your inventory have rotted away.
* * * LOW HITPOINT WARNING * * *
You feel sick.
* * * LOW HITPOINT WARNING * * *
You feel sick.
* * * LOW HITPOINT WARNING * * *
You feel sick.
* * * LOW HITPOINT WARNING * * *
You feel sick.
You die...

##8## ##......)........
## #......>#...)........
#.#######............
####+##### #.........###
#(.......#######.#####..
#..............#.####.).
#..............#.#.#....
+..............#.#.#..._
#......@[##....#.#.#....
#####+##..'....'.#.##...
####(...###.###..
........'.....##.
###.....#####....
#.....# ##### #.....#
##....# #....#


There were no monsters in sight!

Vanquished Creatures
  An adder (D:2)
  4 bats (D:1)
  A giant cockroach (D:1)
  8 hobgoblins
  5 frilled lizards
  5 goblins
  2 kobolds
  6 rats
32 creatures vanquished.

Notes
Turn   | Place    | Note
-------+----------+-------------------------------------------
     0 | Abyss:1  | Gynju the Merfolk Abyssal Knight began the quest for the
                  | Orb.
     0 | Abyss:1  | Reached XP level 1. HP: 18/18 MP: 2/2
    51 | Abyss:1  | Noticed a small abomination
    58 | Abyss:1  | Noticed a large abomination
    73 | D:1      | Escaped the Abyss
   216 | D:1      | Reached * piety under Lugonu
   324 | D:1      | Reached XP level 2. HP: 23/24 MP: 3/3
   737 | D:1      | Reached XP level 3. HP: 26/29 MP: 4/4
   861 | D:2      | Reached skill level 1 in Armour
   863 | D:2      | Found a sparkling altar of Nemelex Xobeh.
   872 | D:2      | Found a burning altar of Makhleb.
   874 | D:2      | Found a shimmering altar of Xom.
   926 | D:2      | Found a snail-covered altar of Cheibriados.
  1036 | D:2      | Found a sacrificial altar of Ru.
  1068 | D:2      | Reached skill level 4 in Polearms
  1084 | D:2      | HP: 1/29 [poisoned by an adder]
  1087 | D:2      | Succumbed to an adder's poison

Levels and vault maps discovered:
D:1:      scummos_arrival_simple_crosswalls, layout_loops_ring
D:2:      layout_basic, lemuel_round_altar, nicolae_overflow_hidden_temple,
          grunt_temple_overflow_open, first_ration

Skill      XL: |  1  2  3 |
---------------+----------+-----
Dodging        | 3 |  3.1
Armour         | 1 |  1.0
Polearms       | 4 |  4.0
Fighting       | |  3.6
Invocations    | |  2.5

Action                   || total
-------------------------++-------
Melee: Spear             ||    94
Invok: Depart the Abyss  ||     1
  Use: Potion            ||     2
 Stab: Sleeping          ||     1
  Eat: Chunk             ||     1
Armor: Leather armour    ||    18
Dodge: Dodged            ||    41

Table legend:
 A = Non-vault XP
 B = Vault XP
 C = Vault XP percentage of total XP
 D = Non-vault monster count
 E = Vault monster count
 F = Vault count percentage of total count
                 A         B        C        D         E       F
            +---------+---------+-------+---------+---------+-------
      Total |      59 |       0 |   0.0 |      32 |       0 |   0.0
            +---------+---------+-------+---------+---------+-------
        D:1 |      36 |       0 |   0.0 |      25 |       0 |   0.0
        D:2 |      23 |       0 |   0.0 |       7 |       0 |   0.0
            +---------+---------+-------+---------+---------+-------
